 Dungeon Crawl Stone Soup version 0.27.1-3-gb3d3a73c9e (webtiles) character file.

Game seed: 550011361909976718

29536 pkoi the Carver (level 13, -1/119 HPs)
             Began as a Minotaur Gladiator on Oct 8, 2021.
             Was a Believer of Ashenzari.
             Slain by an alligator (shapeshifter) (17 damage)
             ... in a Gauntlet on Oct 11, 2021.
             The game lasted 00:39:42 (25540 turns).

pkoi the Carver (Minotaur Gladiator)               Turns: 25540, Time: 00:39:43

Health: -1/119     AC: 21    Str: 28    XL:     13   Next: 15%
Magic:  5/12       EV:  9    Int:  5    God:    Ashenzari [**....]
Gold:   968        SH:  0    Dex: 11    Spells: 12/12 levels left

rFire    + . .     SeeInvis +   B - +2 long sword (holy)
rCold    x . .     Faith    .   g - +2 kite shield of Apeoromancy {Fort, Melee} (curse)
rNeg     . . .     Spirit   .   u - +0 plate armour
rPois    .         Reflect  .   c - +0 hat of the Eternal Augur {Melee, Evo} (curse)
rElec    .         Harm     .   m - +0 cloak "All-seeing Desperation" {Range, Evo} (curse)
rCorr    .         Rampage  .   L - +2 pair of gloves {Str+3}
Will     .....     NoTele   +   (no boots)
Stlth    ..........             G - amulet of regeneration
HPRegen  1.29/turn              z - ring of fire
MPRegen  0.13/turn              (no ring)

@: confused, lethally poisoned (-1 -> -1)
A: horns 2, retaliatory headbutt
a: Renounce Religion, Curse Item, Shatter the Chains


You were in a Gauntlet.
You worshipped Ashenzari.
Ashenzari was pleased with you.
You visited 3 branches of the dungeon, and saw 17 of its levels.
You also visited: Gauntlet.

You collected 968 gold pieces.

Inventory:

Hand Weapons
 a - a +0 long sword of freezing
 B - a +2 long sword of holy wrath (weapon)
 F - a +0 dagger of venom
Missiles
 b - 11 javelins
 d - 4 throwing nets
 q - 20 poisoned darts (quivered)
 r - 4 curare-tipped darts
 C - 3 boomerangs
Armour
 c - the cursed +0 hat of the Eternal Augur (worn) {Melee, Evo}

   It has a curse which improves the following skills: Melee Combat: Short
   Blades, Long Blades, Axes, Maces & Flails, Polearms, Staves and Unarmed
   Combat.
   Evocations: Evocations.
 g - the cursed +2 kite shield of Apeoromancy (worn) {Fort, Melee}
   (You found it on level 1 of the Dungeon)

   It has a curse which improves the following skills: Fortitude: Armour and
   Shields.
   Melee Combat: Short Blades, Long Blades, Axes, Maces & Flails, Polearms,
   Staves and Unarmed Combat.
 m - the cursed +0 cloak "All-seeing Desperation" (worn) {Range, Evo}
   (You found it on level 5 of the Dungeon)

   It has a curse which improves the following skills: Ranged Combat: Slings,
   Bows, Crossbows and Throwing.
   Evocations: Evocations.
 u - a +0 plate armour (worn)
 L - a +2 pair of gloves of strength (worn)
Jewellery
 e - an amulet of magic regeneration
 z - a ring of fire (left hand)
 G - an amulet of regeneration (around neck)
Wands
 f - a wand of charming (21)
 k - a wand of iceblast (14)
 o - a wand of polymorph (9)
 t - a wand of mindburst (8)
 x - a wand of paralysis (21)
 K - a wand of flame (23)
Scrolls
 h - 6 scrolls of enchant weapon
 l - 2 scrolls of brand weapon
 n - 4 scrolls of fear
 p - 4 scrolls of blinking
 s - 2 scrolls of magic mapping
 w - 2 scrolls of summoning
 y - 5 scrolls of teleportation
 A - 2 scrolls of amnesia
 I - 2 scrolls of fog
 J - a scroll of enchant armour
Potions
 i - 3 potions of resistance
 j - 4 potions of heal wounds
 v - 2 potions of curing
 D - 3 potions of might
 E - a potion of haste
 H - a potion of flight


   Skills:
 + Level 12.7 Fighting
 + Level 13.2(15.1) Long Blades
 - Level 3.7(5.1) Throwing
 + Level 12.5(13.7) Armour
 - Level 3.2 Dodging
 + Level 12.5(13.8) Shields
 + Level 5.3(7.6) Evocations


You had 12 spell levels left.
You didn't know any spells.
Your spell library contained the following spells:

 Spells                   Type           Power      Damage    Failure   Level
 Foxfire                  Conj/Fire      0%         2x1d4     99%         1
 Magic Dart               Conj           0%         1d3       99%         1
 Call Imp                 Summ           0%         N/A       99%         2
 Searing Ray              Conj           0%         3d3       99%         2
 Slow                     Hex            0%         N/A       99%         2
 Call Canine Familiar     Summ           0%         N/A       100%        3
 Confusing Touch          Hex            0%         N/A       100%        3
 Conjure Flame            Conj/Fire      0%         6-21      100%        3
 Gell's Gravitas          Tloc           0%         N/A       100%        3
 Ignite Poison            Fire/Tmut/Pois 0%         N/A       100%        3
 Inner Flame              Hex/Fire       0%         N/A       100%        3
 Lesser Beckoning         Tloc           0%         N/A       100%        3
 Mephitic Cloud           Conj/Pois/Air  0%         N/A       100%        3
 Portal Projectile        Hex/Tloc       0%         N/A       100%        3
 Teleport Other           Tloc           0%         N/A       100%        3
 Fulminant Prism          Conj/Hex       0%         3d6       100%        4
 Leda's Liquefaction      Hex/Erth       0%         N/A       100%        4
 Bolt of Magma            Conj/Fire/Erth 0%         4d4       100%        5
 Yara's Violent Unravell  Hex/Tmut       0%         3d3       100%        5


Dungeon Overview and Level Annotations

Branches:
Dungeon (12/15)            Temple (1/1) D:6            Lair (4/6) D:9
 Shoals (0/4) Lair:3       Spider (0/4) Lair:4          Orc (0/2) D:9
Gauntlet (1/1)

Altars:
Ashenzari
Cheibriados
Dithmenos
Elyvilon
Fedhas
Gozag
Hepliaklqana
Kikubaaqudgha
Makhleb
Nemelex Xobeh
Okawaru
Qazlal
Ru
Sif Muna
Trog
Uskayaw
Vehumet
Wu Jian
Xom
Yredelemnul
Zin
The Shining One

Annotations:
Lair:4 exclusion: 2 oklob plants Gauntlet 15 transporters, 21 runed translucent doors


Innate Abilities, Weirdness & Mutations

You have a pair of horns on your head.
You reflexively headbutt those who attack you in melee.


Message History

You bump into the translucent stone wall.
You feel very sick.
The golden eye turns its gaze towards you.
The alligator puts on a burst of speed!
The golden eye pulsates ominously.
The alligator bites you but does no damage.
The alligator completely misses you.
You bump into the translucent stone wall.
You feel very sick. The golden eye blinks at you.
You are more confused.
The alligator bites you but does no damage.
The alligator tail-slaps you but does no damage.
You completely miss the golden eye.
The golden eye is heavily wounded.
You feel sick. The golden eye blinks at you. You resist with almost no effort.
The alligator bites you!!
* * * LOW HITPOINT WARNING * * *
The alligator tail-slaps you.
* * * LOW HITPOINT WARNING * * *
You feel very sick. The golden eye blinks at you.
You are more confused.
The golden eye blinks!
Unknown command.
You bump into the stone wall.
You feel sick. The golden eye blinks at you. You resist with some effort.
The alligator completely misses you.
The alligator tail-slaps you but does no damage.
You're too confused to move!
You feel sick.
The golden eye blinks!
The alligator bites you!
* * * LOW HITPOINT WARNING * * *
The alligator tail-slaps you but does no damage.
You feel sick.
Unknown command.
You feel sick. The golden eye blinks at you. You resist with almost no effort.
The alligator bites you!
You die...

+#.#...###...#.#=#.##.##.#.#.##..
.#.#X#.#...#.#.#)##.###b.#.#y.#..
.#.#Xx......X#.#t.##hbbb.#.#h..#.
#################################
........©...........©#≈≈≈≈8≈§≈§#©
########.########################
.......#.#§§8≈≈#©.........©......
.......#.########################
#####..#.#......@..#.#....©....#.
# #8#..#.#..##.##t.#.#.^.....^.#.
# ###..#.#[#..#..#G#.#.#######.#.
#..#.#.#..#©†#.#.#.#.#.#.#.#.
###..#©#©.#####..#.#....©....#.
#8#..###$#..#.G#.#.##.#.#.#.##.
###....#.#..#..#.#.#.#######†#.
#....#..##§##..#.#.........#.
###..#.........#.#.........#.


You could see an alligator shaped shifter (swift), a fire crab, a large
abomination, a hell hound, 4 fire bats and a golden eye shaped shifter.

Vanquished Creatures
  5 hydras
  2 boulder beetles
  A two-headed ogre (D:10)
  Urug (D:10)
  A fire crab (Lair:3)
  An elephant (Lair:3)
  A manticore (D:12)
  3 black mambas
  2 centaur zombies
  2 cane toads
  An unseen horror (D:10)
  5 komodo dragons
  A troll (D:11)
  A hornet (D:11)
  2 polar bears (Lair:3)
  Prince Ribbit (D:7)
  10 blink frogs
  A meliai zombie (D:11)
  2 shadows
  A vampire (D:11)
  4 wyverns
  A fire bat (shapeshifter) (Gauntlet)
  Eustachio (D:5)
  A basilisk (D:9)
  23 yaks
  The ghost of mauzamb the Gusty, an amateur DrAE (D:4)
  3 vampire mosquitoes (D:10)
  A steam dragon (D:5)
  3 swamp worms (Gauntlet)
  2 acid dragons
  A warg (D:9)
  12 water moccasins
  10 orc warriors
  A swamp drake (D:9)
  An ice beast (D:8)
  A sky beast (D:6)
  4 ogres
  7 necrophages
  24 wolves
  12 centaurs
  12 bullfrogs
  A gnoll sergeant (D:10)
  7 scorpions
  8 killer bees
  An electric eel (D:11)
  5 howler monkeys
  2 bullfrog skeletons
  3 hounds
  4 jellies
  2 centaur skeletons
  2 gnoll shamans
  6 orc priests
  2 iguanas
  7 orc wizards
  A scorpion zombie (D:5)
  6 hell rats (Lair:2)
  A hound zombie (D:5)
  A hound skeleton (D:4)
  2 howler monkey zombies
  8 adders
  20 gnolls
  2 shadow imps
  3 white imps
  2 ufetubi
  An adder skeleton (D:4)
  2 worms
  3 dart slugs
  28 orcs
  6 ball pythons
  9 bats
  6 endoplasms
  3 giant cockroaches
  12 goblins
  12 hobgoblins
  2 jackals (D:2)
  2 quokkas
  5 frilled lizards
  10 kobolds
  6 rats
372 creatures vanquished.

Vanquished Creatures (others)
  A hydra (Lair:4)
  A hound (D:6)
  13 fungi
  17 plants
32 creatures vanquished.

Grand Total: 404 creatures vanquished

Notes
Turn   | Place    | Note
-------+----------+-------------------------------------------
     0 | D:1      | pkoi the Minotaur Gladiator began the quest for the Orb.
     0 | D:1      | Reached XP level 1. HP: 18/18 MP: 0/0
    35 | D:1      | Reached skill level 4 in Long Blades
   257 | D:1      | Found a faded altar of an unknown god.
   296 | D:1      | Reached XP level 2. HP: 23/25 MP: 1/1
   979 | D:2      | Reached skill level 1 in Shields
  1024 | D:2      | Reached skill level 1 in Armour
  1024 | D:2      | Reached XP level 3. HP: 30/30 MP: 2/2
  1709 | D:2      | Reached XP level 4. HP: 7/38 MP: 3/3
  2372 | D:3      | Found a broken altar of Ashenzari.
  2419 | D:3      | Found a snail-covered altar of Cheibriados.
  2735 | D:3      | Reached skill level 5 in Long Blades
  2863 | D:4      | Noticed an ogre
  2875 | D:3      | Became a worshipper of Ashenzari the Shackled
  2981 | D:4      | Reached XP level 5. HP: 12/46 MP: 4/4
  3442 | D:4      | Killed an ogre
  3765 | D:4      | Found a transporter.
  3765 | D:4      | Noticed mauzamb's ghost (amateur DrAE)
  3769 | D:4      | Found a transporter.
  3952 | D:4      | Found an ornate altar of the Wu Jian Council.
  3957 | D:4      | Noticed a spectral centipede
  3957 | D:4      | Noticed a spectral black mamba
  3957 | D:4      | Noticed a spectral cane toad
  3989 | D:4      | Reached XP level 6. HP: 48/52 MP: 5/5
  4334 | D:5      | Entered Level 5 of the Dungeon
  5131 | D:5      | Reached skill level 6 in Long Blades
  5168 | D:5      | Reached XP level 7. HP: 13/60 MP: 6/6
  5479 | D:5      | Reached skill level 5 in Fighting
  6013 | D:5      | Found a hide-covered altar of Uskayaw.
  6169 | D:5      | Noticed Eustachio
  6203 | D:5      | Killed Eustachio
  6698 | D:5      | Reached skill level 5 in Armour
  6698 | D:5      | Reached skill level 5 in Shields
  6698 | D:5      | Reached XP level 8. HP: 70/70 MP: 7/7
  6717 | D:5      | Reached skill level 7 in Long Blades
  7772 | D:6      | Found an opulent altar of Gozag.
  8146 | D:6      | Found a staircase to the Ecumenical Temple.
  8308 | D:6      | Found a sacrificial altar of Ru.
  8432 | D:5      | Reached skill level 8 in Long Blades
  8644 | D:6      | Reached XP level 9. HP: 79/79 MP: 8/8
  8843 | D:6      | Found a basalt altar of Yredelemnul.
  9540 | D:6      | Found a shimmering blue altar of Sif Muna.
  9914 | D:7      | Noticed Prince Ribbit
  9945 | D:6      | Reached skill level 1 in Evocations
 10019 | D:7      | Killed Prince Ribbit
 10662 | D:7      | Found a radiant altar of Vehumet.
 10758 | D:8      | Reached skill level 9 in Long Blades
 11261 | D:8      | Found an iron altar of Okawaru.
 11632 | D:9      | Reached XP level 10. HP: 65/90 MP: 9/9
 12330 | D:9      | Found a staircase to the Lair.
 13369 | D:9      | Found a staircase to the Orcish Mines.
 13405 | D:9      | Reached skill level 10 in Long Blades
 14200 | D:10     | Entered Level 10 of the Dungeon
 14219 | D:10     | Noticed Urug
 14235 | D:10     | Killed Urug
 14777 | D:10     | Reached skill level 10 in Fighting
 15160 | D:10     | Reached XP level 11. HP: 37/99 MP: 10/10
 15487 | D:10     | Found a glowing silver altar of Zin.
 15509 | D:10     | Found a shadowy altar of Dithmenos.
 15721 | D:9      | Reached skill level 10 in Shields
 15962 | D:9      | Reached skill level 10 in Armour
 16251 | D:10     | Noticed a two-headed ogre
 16256 | D:10     | Killed a two-headed ogre
 16257 | D:10     | Reached skill level 11 in Long Blades
 16500 | D:11     | Noticed a boulder beetle
 16527 | D:11     | Killed a boulder beetle
 17402 | D:11     | Paralysed by a hornet for 3 turns
 18667 | D:12     | Noticed a five-headed hydra
 18743 | D:12     | Noticed a boulder beetle
 18757 | D:12     | Killed a boulder beetle
 18857 | D:12     | Noticed a seven-headed hydra
 19509 | D:4      | Killed mauzamb's ghost
 19652 | Temple   | Entered the Ecumenical Temple
 19907 | Lair:1   | Entered Level 1 of the Lair of Beasts
 19964 | Lair:1   | Reached * piety under Ashenzari
 20489 | Lair:1   | Reached skill level 12 in Long Blades
 21492 | Lair:2   | Reached ** piety under Ashenzari
 21501 | Lair:1   | Reached XP level 12. HP: 90/110 MP: 11/11
 22631 | Lair:2   | Noticed a six-headed hydra
 22825 | Lair:2   | Killed a six-headed hydra
 23246 | Lair:3   | Found a staircase to the Shoals.
 23918 | Lair:3   | Noticed a six-headed hydra
 23928 | Lair:3   | Killed a ten-headed hydra
 24237 | Lair:3   | Noticed an eight-headed hydra
 24255 | Lair:3   | Killed an eight-headed hydra
 24256 | Lair:3   | Reached skill level 13 in Long Blades
 24359 | Lair:3   | Noticed a five-headed hydra
 24372 | Lair:3   | Killed a five-headed hydra
 24481 | Lair:3   | Reached skill level 5 in Evocations
 24481 | Lair:3   | Reached XP level 13. HP: 89/119 MP: 12/12
 24990 | Lair:4   | Found a gate leading to a gauntlet.
 25018 | Gauntlet | Entered a Gauntlet
 25018 | Gauntlet | Found a transporter.
 25036 | Gauntlet | Found a transporter.
 25051 | Gauntlet | Found a transporter.
 25056 | Gauntlet | Found a transporter.
 25066 | Gauntlet | Noticed a reaper
 25071 | Gauntlet | Found a transporter.
 25071 | Gauntlet | Identified the +1 pair of gloves of Resonance {Str+7}
 25090 | Gauntlet | Found a transporter.
 25102 | Gauntlet | Found a transporter.
 25103 | Gauntlet | Identified the +0 pair of boots "Eluiv" {rF+}
 25108 | Gauntlet | Found a transporter.
 25120 | Gauntlet | Found a transporter.
 25133 | Gauntlet | Identified the +0 hat "Decux" {+Blink}
 25135 | Gauntlet | Found a transporter.
 25139 | Gauntlet | Identified the +2 plate armour "Eqem" {rElec rPois}
 25141 | Gauntlet | Found a transporter.
 25152 | Gauntlet | Found a large runed translucent door.
 25153 | Gauntlet | Found a large runed translucent door.
 25154 | Gauntlet | Found a large runed translucent door.
 25154 | Gauntlet | Found a large runed translucent door.
 25155 | Gauntlet | Found a runed translucent gate.
 25156 | Gauntlet | Found a transporter.
 25156 | Gauntlet | Found a runed translucent gate.
 25157 | Gauntlet | Found a runed translucent gate.
 25158 | Gauntlet | Found a large runed translucent door.
 25158 | Gauntlet | Found a large runed translucent door.
 25158 | Gauntlet | Found a runed translucent door.
 25158 | Gauntlet | Found a runed translucent door.
 25159 | Gauntlet | Found a large runed translucent door.
 25160 | Gauntlet | Found a large runed translucent door.
 25162 | Gauntlet | Found a transporter.
 25167 | Gauntlet | Found a large runed translucent door.
 25167 | Gauntlet | Found a large runed translucent door.
 25168 | Gauntlet | Found a large runed translucent door.
 25169 | Gauntlet | Found a large runed translucent door.
 25178 | Gauntlet | Found a large runed translucent door.
 25178 | Gauntlet | Found a large runed translucent door.
 25179 | Gauntlet | Found a large runed translucent door.
 25180 | Gauntlet | Found a large runed translucent door.
 25201 | Gauntlet | Found a transporter.
 25246 | Gauntlet | Found a transporter.
 25246 | Gauntlet | Found a transporter.
 25336 | Gauntlet | Found a transporter.
 25477 | Gauntlet | Noticed a spark wasp
 25479 | Gauntlet | Found a transporter.
 25525 | Gauntlet | Noticed a ghost moth
 25525 | Gauntlet | an alligator changed into a ghost moth
 25529 | Gauntlet | a ghost moth changed into an alligator
 25540 | Gauntlet | Slain by an alligator (shapeshifter)

Illustrated notes

Levels and vault maps discovered:
D:1:      elethiomel_arrival_quiet, layout_rooms,
          hellmonk_ecumenical_altar_heavens_door, minmay_tetromino_s2
D:2:      layout_rooms, eino_tiny_chamber, grunt_ministairs_13
D:3:      layout_loops_ring, mainiacjoe_overflow_brackets, ashenzari_altar_1
D:4:      layout_basic, pdpol_wu_jian_five_deadly_venoms, gammafunk_ghost_arena
D:5:      old_forge, layout_basic, nicolae_uskayaw_suspiria,
          minmay_misc_feat_rows, uniq_eustachio
D:6:      layout_basic, mainiacjoe_overflow_alcove_2,
          nicolae_ru_the_path_less_chosen, mainiacjoe_overflow_alcove_4,
          nicolae_gozag_seed_capital, minmay_temple_entry_drinking_statues
D:7:      layout_cave_pools, lemuel_crystal_altar, item_on_display_a,
          uniq_prince_ribbit1
D:8:      layout_basic, okawaru_altar_gauntlet_db, minmay_misc_feat_hallway
D:9:      layout_small_grid, erik_lair_dragon, david_orc_1_choice,
          minmay_tree_intersection, dk_vineyard_2
D:10:     layout_basic, mainiacjoe_overflow_catwalk, lemuel_doored_altar,
          uniq_urug
D:11:     layout_cave_pools, minmay_misc_feat_five, serial_bayou_lagoon_b
D:12:     layout_roguey
Temple:   eino_wide_crystal_templ
Lair:1:   layout_layer_cave
Lair:2:   layout_chaotic_city, roderic_carrion_pond, grunt_megastairs_3,
          infiniplex_staircase_pool_2
Lair:3:   layout_small_grid, minmay_shoals_entry_centaurs,
          minmay_shattered_shrine
Lair:4:   layout_regular_city, nicolae_spider_entry_tight_spaces,
          gauntlet_entry_generic, st_stairs_9, minmay_lair_oklob_chamber
Gauntlet: gammafunk_gauntlet_one_two_three [gammafunk_gauntlet_arena_teeth,
          nicolae_gauntlet_arena_quarters, gammafunk_gauntlet_arena_corners,
          minmay_gauntlet_arena_make_your_own_arena,
          nicolae_gauntlet_arena_grate_2, gammafunk_gauntlet_arena_spirals,
          gammafunk_gauntlet_arena_chambers, nicolae_gauntlet_arena_x,
          gammafunk_gauntlet_arena_crates,
          nicolae_gauntlet_exit_dead_adventurers]

Skill      XL: |  1  2  3  4  5  6  7  8  9 10 11 12 |
---------------+-------------------------------------+-----
Long Blades    | 4 5 6 8 9 10 12 13 | 13.2
Shields        | 1 2 3 5 6 8 9 11 12 | 12.5
Armour         | 1 2 3 5 6 8 9 11 12 | 12.5
Fighting       | 3 4 5 7 8 10 11 12 | 12.7
Evocations     | 3 5 |  5.3
Throwing       | 3 |  3.7
Dodging        | |  3.2

Action                   |  1- 3 |  4- 6 |  7- 9 | 10-12 | 13-15 || total
-------------------------+-------+-------+-------+-------+-------++-------
Melee: Long sword        |    72 |   118 |   359 |   833 |    84 ||  1466
       Headbutt          |    10 |    26 |    86 |   230 |    17 ||   369
Throw: Dart              |       |     3 |       |    40 |     4 ||    47
Invok: Curse Item        |       |       |     1 |     2 |       ||     3
Evoke: Wand              |       |       |       |    26 |     6 ||    32
  Use: Scroll            |       |     1 |       |     1 |     1 ||     3
       Potion            |       |       |     1 |       |       ||     1
 Stab: Sleeping          |     1 |     1 |       |       |       ||     2
Armor: Leather armour    |    29 |    13 |    17 |       |       ||    59
       Plate armour      |       |       |   112 |   434 |    34 ||   580
Dodge: Dodged            |    36 |    57 |   118 |   196 |    18 ||   425
Block: Kite shield       |    39 |    74 |   290 |   675 |    56 ||  1134
       Rpst.: Long sword |    13 |    14 |    25 |    49 |     3 ||   104
